 Dungeon Crawl Stone Soup version 0.21-a0-2-ge494091 (webtiles) character file.

39 nikopol the Skirmisher (level 3, -1/23 HPs)
             Began as a Gargoyle Berserker on May 22, 2017.
             Was a Believer of Trog.
             Slain by a gnoll
             ... wielding a +0 spear
              (8 damage)
             ... on level 2 of the Dungeon.
             The game lasted 00:01:45 (952 turns).

nikopol the Skirmisher (Gargoyle Berserker)          Turns: 952, Time: 00:01:45

Health: -1/23      AC:  8    Str: 20    XL:     3   Next: 45%
Magic:  3/3        EV: 11    Int:  7    God:    Trog [**....]
Gold:   70         SH:  0    Dex: 10    Spells: 2/2 levels left

rFire    . . .     SeeInvis .   a - +0 hand axe
rCold    . . .     Gourm    .   (no shield)
rNeg     + . .     Faith    .   f - +0 ring mail
rPois    ∞         Spirit   .   (no helmet)
rElec    +         Reflect  .   (no cloak)
rCorr    .         Harm     .   (no gloves)
MR       .....                  (no boots)
Stlth    ..........             (no amulet)
Regen    0.1/turn               (no ring)
MPRegen  0.1/turn               (no ring)

@: no status effects
A: negative energy resistance 1, electricity resistance, unbreathing,
petrification resistance, rot immunity, AC +3
a: Berserk, Trog's Hand, Burn Spellbooks, Renounce Religion


You were on level 2 of the Dungeon.
You worshipped Trog.
Trog was pleased with you.
You were not hungry.

You visited 1 branch of the dungeon, and saw 2 of its levels.

You collected 70 gold pieces.

Inventory:

Hand Weapons
 a - a +0 hand axe (weapon)
Armour
 b - a +0 animal skin
 f - a +0 ring mail (worn)
 h - a +0 leather armour
Scrolls
 d - a scroll of fog {unknown}
Potions
 e - a potion of curing {unknown}
 g - a potion of lignification {unknown}
Comestibles
 c - 2 bread rations
 i - 2 chunks of flesh


   Skills:
 + Level 3.4 Fighting
 * Level 3.3 Axes
 + Level 2.5 Armour
 + Level 2.1 Dodging


You had 2 spell levels left.
You didn't know any spells.

Dungeon Overview and Level Annotations

Branches:
Dungeon (2/15)

Altars:


Innate Abilities, Weirdness & Mutations

You are resistant to torment.
Your stone body is resilient. (AC +3)
You are immune to poison.
You resist negative energy. (rN+)
You are resistant to electric shocks. (rElec)
You can survive without breathing.
You are immune to petrification.
You are immune to rotting.


Message History

Items here: ( ) †† an uncursed hunting sling; 15 stones; a rat corpse; a goblin corpse You butcher the rat corpse.
i - 2 chunks of flesh (gained 1)
Items here: ( ) ÷ † an uncursed hunting sling; 15 stones; a rat skeleton; a goblin corpse A gnoll comes into view. 2 gnolls come into view.
The gnoll shouts! x2
Found 18 stones and an amethyst potion.
The gnoll hits you.
You completely miss the gnoll. The gnoll misses you. The gnoll hits you.
The gnoll completely misses you.
You barely miss the gnoll. You closely miss the gnoll. The gnoll misses you. x2
The gnoll hits you but does no damage. x2
You barely miss the gnoll. You hit the gnoll but do no damage.
The gnoll closely misses you. The gnoll hits you.
The gnoll hits you with a club. The gnoll hits you with a spear!
You die...

..............# ####
..........!...# ...##
..............# ##..#
.............?# ##.##
............[.# #..#
..............# ##.###
......ggg....# #...#
#@....#
###.##########.###...#
#<...)(((..).# #
#....(.......#
#............#
#####=.......#
#.(......# #.........#
#.######...#


You could see 3 gnolls.

Vanquished Creatures
  An ooze (D:1)
  2 dart slugs (D:1)
  2 leopard geckos (D:1)
  3 giant cockroaches (D:1)
  5 goblins
  2 hobgoblins
  A jackal (D:1)
  2 kobolds (D:1)
  A ball python (D:1)
  3 bats
  5 rats
27 creatures vanquished.

Notes
Turn   | Place    | Note
-------+----------+-------------------------------------------
     0 | D:1      | nikopol the Gargoyle Berserker began the quest for the Orb.
     0 | D:1      | Reached XP level 1. HP: 14/14 MP: 1/1
    96 | D:1      | Reached XP level 2. HP: 12/19 MP: 2/2
   490 | D:1      | Reached XP level 3. HP: 19/23 MP: 3/3
   941 | D:2      | Reached ** piety under Trog
   952 | D:2      | Slain by a gnoll

Vault maps used:
D:1:      tarquinn_simple_flora_water_c
D:2:      first_bread, fedhas_altar_4

Skill      XL: |  1  2 |
---------------+-------+-----
Axes           | 3 |  3.3
Dodging        | 2 |  2.1
Fighting       | |  3.4
Armour         | |  2.5

Action                   || total
-------------------------++-------
Melee: Hand axe          ||    87
Armor: Animal skin       ||     9
       Leather armour    ||    15
       Ring mail         ||    13
Dodge: Dodged            ||    68
